 Dungeon Crawl Stone Soup version 0.25-a0-797-g0023389 (webtiles) character file.

Game seed: 7923525322131671028, levelgen mode: deterministic

282 Kurtz the Chopper (level 6, -9/47 HPs)
             Began as a Mummy Chaos Knight on Apr 18, 2020.
             Was a Plaything of Xom.
             Mangled by Duvessa
             ... wielding a +0 short sword of chaos
              (16 damage)
             ... while paralysed by Duvessa
             ... on level 4 of the Dungeon.
             The game lasted 00:03:32 (3432 turns).

Kurtz the Chopper (Mummy Chaos Knight)              Turns: 3432, Time: 00:03:32

Health: -9/47      AC:  8    Str: 17    XL:     6   Next: 6%
Magic:  15/15      EV:  2    Int: 11    God:    Xom [.*....]
Gold:   97         SH:  0    Dex: 12    Spells: 5/5 levels left

rFire    x . .     SeeInvis .   a - +0 hand axe (chaos)
rCold    + . .     Gourm    .   (no shield)
rNeg     + + +     Faith    .   k - +0 chain mail
rPois    ∞         Spirit   .   (no helmet)
rElec    .         Reflect  .   (no cloak)
rCorr    .         Harm     .   (no gloves)
MR       +....                  (no boots)
Stlth    ..........             (no amulet)
HPRegen  0.15/turn              d - ring of magical power
MPRegen  0.14/turn              j - ring of protection from magic

@: paralysed, hasted and slowed
A: no food or potions, fire vulnerability, cold resistance 1, negative energy
resistance 3, torment resistance, unbreathing
a: Renounce Religion


You were on level 4 of the Dungeon.
You worshipped Xom.
You were a plaything of Xom.
You were not hungry.

You visited 1 branch of the dungeon, and saw 4 of its levels.

You collected 223 gold pieces.
You spent 126 gold pieces at shops.

Inventory:

Hand Weapons
 a - a +0 hand axe of chaos (weapon)
 t - a +0 flail
Armour
 b - a +2 leather armour
 c - a +1 kite shield
 h - a +0 scale mail
 k - a +0 chain mail (worn)
 o - a +0 ring mail of fire resistance
Jewellery
 d - a ring of magical power (left hand)
 j - a ring of protection from magic (right hand)
Wands
 s - a wand of paralysis (4)
Scrolls
 e - a scroll of identify
 f - 6 scrolls of teleportation
 g - 3 scrolls of enchant armour
 i - a scroll of fear {unknown}
 l - a scroll of random uselessness {unknown}
 m - a scroll of fog {unknown}
 n - 2 scrolls of immolation
 p - 2 scrolls of magic mapping {unknown}
 q - a scroll of enchant weapon {unknown}
 r - a scroll of silence {unknown}


   Skills:
 - Level 3.0 Fighting
 * Level 5.5 Axes
 - Level 1.5 Armour
 - Level 0.7 Dodging
 * Level 0.8 Shields


You had 5 spell levels left.
You didn't know any spells.
Your spell library was empty.

Dungeon Overview and Level Annotations

Branches:
Dungeon (4/15)             Temple (0/1) D:4

Altars:
Ashenzari
Sif Muna
Uskayaw
Xom

Shops:
D:4 }

Annotations:
D:4 Duvessa


Innate Abilities, Weirdness & Mutations

You do not eat or drink.
Your flesh is vulnerable to fire.
You are immune to poison.
Your flesh is cold resistant. (rC+)
You are immune to negative energy. (rN+++)
You are immune to unholy pain and torment.
You can survive without breathing.


Message History

Duvessa is moderately wounded.
Duvessa hits you but does no damage.
You are slowing down.
Unknown command.
Duvessa drinks a potion.
Duvessa is healed!
Duvessa looks more healthy.
Your limbs are stiffening.
You have turned to stone.
Duvessa hits you with a +0 short sword of chaos.
Duvessa hits you with a +0 short sword of chaos.
Duvessa barely misses you. Duvessa hits you but does no damage.
Space bends around you.
Duvessa hits you with a +0 short sword of chaos.
You suddenly lose the ability to move!
Duvessa hits you but does no damage. x2
You feel yourself slow down. Duvessa hits you but does no damage.
You are electrocuted!
* * * LOW HITPOINT WARNING * * *
Duvessa hits you but does no damage.
You are electrocuted!
You die...
Xom roars with laughter!

#.## #....###.# #..##
##.##..##.# ##..###
##..###..(.######
###...# #..##
####......######
....#.###.##
#.............#
###.#.#...#
#....P.P#####.#
#.....###
#...##.#####..#
#.....###
#..P#%..#{...##
#.#.#.#
###@....>...†### .
#...#
###.e..P#...#P##
##..#
##...#...##.####
#..#####..###....P.P#
#.>......## #.......#
#...####### #########
#.... #... #..


You could see Duvessa.

Vanquished Creatures
  An ogre (D:4)
  A scorpion (D:4)
  A killer bee zombie (D:3)
  5 adders
  2 oozes
  2 dart slugs (D:1)
  5 leopard geckos
  8 goblins
  6 hobgoblins
  10 jackals
  3 quokkas
  2 ball pythons (D:3)
  5 bats
  7 frilled lizards
  6 kobolds
  7 rats
  A plant (D:4)
72 creatures vanquished.

Notes
Turn   | Place    | Note
-------+----------+-------------------------------------------
     0 | D:1      | Kurtz the Mummy Chaos Knight began the quest for the Orb.
     0 | D:1      | Reached XP level 1. HP: 18/18 MP: 1/1
   105 | D:1      | XOM: silly message
   192 | D:1      | Reached skill level 3 in Axes
   192 | D:1      | Reached XP level 2. HP: 19/24 MP: 2/2
   376 | D:1      | XOM: divination: magic mapping
   655 | D:1      | Reached XP level 3. HP: 24/29 MP: 3/3
  1377 | D:2      | XOM: noise
  1744 | D:2      | Reached skill level 4 in Axes
  1765 | D:2      | Reached XP level 4. HP: 29/35 MP: 4/4
  1858 | D:2      | XOM: stat loss: -1 Str (15/16)
  2026 | D:3      | XOM: god gift: fizzy red potion {god gift}
  2203 | D:3      | XOM: divination: detect creatures
  2243 | D:3      | XOM: scenery: create altars
  2873 | D:3      | XOM: god gift: scroll labeled GILOZA VALO {god gift}
  2964 | D:3      | XOM: scenery: 1 doors close
  3039 | D:3      | Found a shattered altar of Ashenzari.
  3039 | D:3      | Found a shimmering blue altar of Sif Muna.
  3120 | D:4      | Found a hide-covered altar of Uskayaw.
  3135 | D:4      | Found Isiocigh's Gadget Shop.
  3137 | D:4      | XOM: divination: magic mapping
  3141 | D:4      | Reached XP level 5. HP: 31/41 MP: 5/5
  3217 | D:4      | Bought a wand of paralysis (7) for 126 gold pieces
  3232 | D:4      | Reached skill level 5 in Axes
  3235 | D:4      | XOM: divination: magic mapping
  3300 | D:4      | Noticed an ogre
  3309 | D:4      | Killed an ogre
  3309 | D:4      | Reached XP level 6. HP: 47/47 MP: 6/6
  3353 | D:4      | Found a staircase to the Ecumenical Temple.
  3390 | D:4      | Noticed Duvessa
  3391 | D:4      | XOM: chaos upgrade
  3428 | D:4      | Paralysed by Duvessa for 7 turns
  3432 | D:4      | Mangled by Duvessa

Levels and vault maps discovered:
D:1:      mrwooster_arrival_statue_2, layout_loops_corners, minmay_distorted
D:2:      layout_loops_cross, first_ration
D:3:      layout_basic, gammafunk_temple_overflow_pools,
          kennysheep_generic_room_2
D:4:      layout_rooms, minmay_temple_entry_gardened_gates, serial_shops,
          nicolae_shop_temple_entry_statues_fountains, kennysheep_flooded_box,
          uniq_duvessa

Skill      XL: |  1  2  3  4  5 |
---------------+----------------+-----
Axes           | 3 4 5 |  5.5
Fighting       | |  3.0
Armour         | |  1.5
Dodging        | |  0.7
Shields        | |  0.8

Action                   |  1- 3 |  4- 6 || total
-------------------------+-------+-------++-------
Melee: Hand axe          |   147 |   125 ||   272
Evoke: Wand              |       |     3 ||     3
  Use: Scroll            |       |     5 ||     5
 Stab: Paralysed         |     1 |     3 ||     4
Armor: Leather armour    |    25 |       ||    25
       Scale mail        |    22 |    22 ||    44
       Ring mail         |       |    16 ||    16
       Chain mail        |       |    17 ||    17
Dodge: Dodged            |    97 |    71 ||   168

Table legend:
 A = Non-vault XP
 B = Vault XP
 C = Vault XP percentage of total XP
 D = Non-vault monster count
 E = Vault monster count
 F = Vault count percentage of total count
                 A         B        C        D         E       F
            +---------+---------+-------+---------+---------+-------
      Total |     397 |       6 |   1.5 |      68 |       3 |   4.2
            +---------+---------+-------+---------+---------+-------
        D:1 |      46 |       6 |  11.5 |      28 |       3 |   9.7
        D:2 |      56 |       0 |   0.0 |      15 |       0 |   0.0
        D:3 |      77 |       0 |   0.0 |      18 |       0 |   0.0
        D:4 |     218 |       0 |   0.0 |       7 |       0 |   0.0
            +---------+---------+-------+---------+---------+-------
